 Dungeon Crawl Stone Soup version 0.31-a0-234-gad7ace16ef (webtiles) character file.

Game seed: 7706451312078688718

25438 Nattfarinn the Destroyer (level 12, -12/97 HPs)
             Began as a Demonspawn Venom Mage on July 10, 2023.
             Was a Follower of Ashenzari.
             Mangled by a skyshark (13 damage)
             ... on level 4 of the Lair of Beasts.
             The game lasted 00:58:38 (21604 turns).

Nattfarinn the Destroyer (Demonspawn Venom Mage)   Turns: 21604, Time: 00:58:39

Health: -12/97     AC:  8    Str: 19    XL:     12   Next: 89%
Magic:  6/19       EV: 12    Int: 21    God:    Ashenzari [*.....]
Gold:   234        SH:  0    Dex: 12    Spells: 7/20 levels left

rFire   + + .        S - +8 orcbow (flame)
rCold   + . .        (shield currently unavailable)
rNeg    + + .        Q - +1 leather armour of the Restrained Moon {rElec Str+6 Slay+3, Cun, Fort} (curse)
rPois   .            (helmet unavailable)
rElec   +            y - scarf {rC+ rF+}
rCorr   +            T - +2 pair of gloves {infuse}
SInv    .            I - +0 pair of boots of Supernal Gnosis {Comp, Alch} (curse)
Will    .....        N - amulet "Gerphan" {RegenMP rElec rCorr Str+4 Dex-2}
Stlth   +            M - ring "Liem" {rF+ rN++ Stlth-}
HPRegen 0.36/turn    w - ring of wizardry
MPRegen 0.56/turn

%: wizardry (x1), infuse magic (1 MP)
@: radiating poison
A: horns 3, demonic guardian 2, ignite blood 1
a: Renounce Religion, Curse Item, Shatter the Chains


You were on level 4 of the Lair of Beasts.
You worshipped Ashenzari.
Ashenzari was aware of your devotion.
You visited 3 branches of the dungeon, and saw 15 of its levels.
You also visited: Ossuary and Gauntlet.

You collected 960 gold pieces.
You spent 726 gold pieces at shops.

Inventory:

Hand Weapons
 c - a +0 sling
 s - the +1 dagger of Wondrous Power {chaos, Will+ Int+4}
   (You found it on level 4 of the Dungeon)

   Int:       It affects your intelligence (+4).
   Will:      It increases your willpower.
 u - a +2 dagger of electrocution
 S - a +8 orcbow of flaming (weapon)
Missiles
 d - a throwing net
Armour
 y - a scarf of resistance (worn)
 I - the cursed +0 pair of boots of Supernal Gnosis (worn) {Comp, Alch}
   (You found it on level 8 of the Dungeon)

   It has a curse which improves the following skills: Companions: Summonings
   and Necromancy.
   Alchemy:   Poison Magic and Transmutations.
 K - a +0 troll leather armour
 Q - the cursed +1 leather armour of the Restrained Moon (worn) {rElec Str+6 Slay+3, Cun, Fort}
   (You took it off a vampire on level 9 of the Dungeon)

   Str:       It affects your strength (+6).
   Slay:      It affects your accuracy & damage with ranged weapons and melee
   (+3).
   rElec:     It insulates you from electricity.
   It has a curse which improves the following skills: Cunning: Dodging and
   Stealth.
   Fortitude: Armour and Shields.
 T - a +2 pair of gloves of infusion (worn)
Jewellery
 a - a ring of poison resistance
 m - an amulet of faith
 r - a ring of magical power
 w - a ring of wizardry (right hand)
 A - a ring of see invisible
 L - an amulet of guardian spirit
 M - the ring "Liem" (left hand) {rF+ rN++ Stlth-}
   (You took it off a gnoll sergeant on level 9 of the Dungeon)

   [ring of protection from fire]

   rF:        It protects you from fire.
   rN:        It greatly protects you from negative energy.
   Stlth:     It makes you less stealthy.
 N - the amulet "Gerphan" (around neck) {RegenMP rElec rCorr Str+4 Dex-2}
   (You took it off a gnoll on level 9 of the Dungeon)

   [amulet of magic regeneration]

   It increases your rate of magic regeneration.
   Str:       It affects your strength (+4).
   Dex:       It affects your dexterity (-2).
   rElec:     It insulates you from electricity.
   rCorr:     It protects you from acid and corrosion.
 U - an amulet of regeneration
Wands
 o - a wand of polymorph (5)
 C - a wand of digging (4)
 F - a wand of paralysis (8)
Scrolls
 e - 2 scrolls of fear
 f - 3 scrolls of enchant armour
 i - 4 scrolls of immolation
 j - 4 scrolls of teleportation
 n - 2 scrolls of poison
 x - a scroll of vulnerability
 E - 3 scrolls of revelation
 H - 2 scrolls of torment
 J - 4 scrolls of identify
 R - a scroll of fog
Potions
 b - 2 potions of magic
 h - 2 potions of cancellation
 k - a potion of lignification
 l - 3 potions of enlightenment
 p - 5 potions of mutation
 q - 3 potions of brilliance
 t - 2 potions of curing
 v - a potion of resistance
 z - a potion of berserk rage
 B - a potion of attraction
 D - a potion of heal wounds
 G - a potion of degeneration
 V - a potion of ambrosia
Miscellaneous
 O - a lightning rod (4/4)
 P - a piece from Xom's chessboard (15/15)


   Skills:
 - Level 9.7 Fighting
 + Level 10.0 Ranged Weapons
 - Level 1.7(2.3) Dodging
 - Level 1.7(2.3) Stealth
 - Level 4.7 Spellcasting
 - Level 11.8 Conjurations
 - Level 0.8(1.2) Transmutations
 - Level 7.7 Earth Magic
 - Level 7.3(8.2) Poison Magic


You had 7 spell levels left.
You knew the following spells:

 Your Spells              Type           Power      Damage    Failure   Level
a - Sting                 Tmut/Pois      96%        1d7       1%          1
b - Poisonous Vapours     Pois/Air       44%        N/A       1%          2
c - Olgreb's Toxic Radia  Pois           39%        N/A       1%          4
d - Mephitic Cloud        Conj/Pois/Air  33%        N/A       1%          3
e - Stone Arrow           Conj/Erth      92%        3d12      1%          3

Your spell library contained the following spells:

 Spells                   Type           Power      Damage    Failure   Level
 Sublimation of Blood     Necr           5%         N/A       8%          2
 Petrify                  Tmut/Erth      24%        N/A       9%          4
 Irradiate                Conj/Tmut      16%        3d17      10%         5
 Animate Armour           Summ/Erth      42%        N/A       11%         4
 Tukima's Dance           Hex            4%         N/A       16%         3
 Passage of Golubria      Tloc           4%         N/A       45%         4
 Yara's Violent Unravell  Hex/Tmut       3%         3d4       71%         5
 Lehudib's Crystal Spear  Conj/Erth      23%        10d6      99%         8


Dungeon Overview and Level Annotations

Branches:
Dungeon (10/15)            Temple (1/1) D:7            Lair (4/5) D:9
 Shoals (0/4) Lair:2        Snake (0/4) Lair:3      Ossuary (visited)
Gauntlet (visited)
  Slime: Lair:4-5       Orc: D:9-12

Altars:
Ashenzari
Cheibriados
Dithmenos
Fedhas
Gozag
Hepliaklqana
Kikubaaqudgha
Makhleb
Nemelex Xobeh
Okawaru
Qazlal
Ru
Sif Muna
Trog
Uskayaw
Vehumet
Wu Jian
Xom
Yredelemnul

Shops:
D:1 :   D:6 [:(*


Innate Abilities, Weirdness & Mutations

You have a pair of large horns on your head.
A demonic guardian rushes to your aid.
Your demonic aura sometimes causes spilled blood to erupt in flames.


Message History

Casting: Stone Arrow (safe; 1% risk of failure)
Confirm with . or Enter, or press ? or * to list all spells.
You begin to radiate toxic energy.
The wolf howls!
The wolf is poisoned.
The wolf howls!
The wolf is poisoned. x3; The skyshark is poisoned.
The wolf looks even sicker. x3
The skyshark looks even sicker.
The skyshark is engulfed in blazing flames.
Casting: Olgreb's Toxic Radiance (mildly dangerous; 1% risk of failure)
Confirm with . or Enter, or press ? or * to list all spells.
Your toxic radiance grows in intensity.
The wolf looks even sicker. x3
The skyshark looks even sicker.
The wolf looks even sicker.
A wolf comes into view.
The wolf barely misses you.
Unknown command.
As you read the scroll of fear, it crumbles to dust.
You assume a fearsome visage.
The wolf looks frightened! x3
The wolf howls!
The wolf looks frightened! x3; The skyshark is unaffected.
Your attack snaps the wolf out of its fear.
The wolf looks as sick as possible!
Your attack snaps the wolf out of its fear.
The wolf looks as sick as possible!
Your attack snaps the wolf out of its fear.
The wolf is poisoned.
Your attack snaps the wolf out of its fear.
The wolf is poisoned.
Your attack snaps the wolf out of its fear. x2
The skyshark looks as sick as possible!
You hear a bellow!
The wolf pauses to sniff the ground.
The wolf closely misses you.
The wolf stops to sniff the ground.
The wolf bites you.
* * * LOW HITPOINT WARNING * * *
The skyshark bites you!
* * * LOW HITPOINT WARNING * * *
The skyshark barely misses you. The skyshark tail-slaps you!
You die... .. ....# ... ..... .... #..>.. hh#

###P....#
###.h##........
....#h.........
....h.h.........
.......@........
.......l.......#
#.............#
....##.......##
#.. ...§....# #.
####§....# #
#<....# #.....##
#P.....#


You could see a skyshark (berserk, extremely poisoned) and 6 wolves.

Vanquished Creatures
  Snorg (Lair:3)
  A fire dragon (Lair:2)
  2 centaur warriors (D:9)
  A death yak (D:9)
  4 two-headed ogres
  A skyshark (Lair:3)
  An ugly thing (D:9)
  A manticore (D:9)
  A cyclops (D:9)
  5 black mambas (Lair:3)
  Joseph (D:7)
  5 cane toads
  4 komodo dragons
  A polar bear (Lair:1)
  4 trolls
  A hornet (D:9)
  5 blink frogs (Lair:3)
  2 vampires (D:9)
  Sigmund (D:3)
  2 shadows (D:9)
  2 wyverns (D:9)
  3 basilisks (Lair:2)
  4 steam dragons
  A fire elemental (Lair:2)
  9 yaks
  15 water moccasins
  A sky beast (D:7)
  2 black bears
  An orc warrior (D:7)
  An ogre (D:6)
  4 wolves (Lair:2)
  2 phantoms
  2 elf zombies (Ossuary)
  4 kobold brigands
  8 bullfrogs
  2 scorpions
  2 gnoll sergeants (D:9)
  6 wights
  20 killer bees
  4 jellies
  A centaur zombie (Ossuary)
  2 human zombies (Ossuary)
  7 hounds
  4 orc priests
  3 sleepcaps
  6 iguanas
  15 orc wizards
  A hell rat (D:9)
  2 mummies (Ossuary)
  9 gnolls
  11 adders
  3 river rats (D:9)
  A shadow imp (D:8)
  4 worms
  2 dart slugs
  20 orcs
  8 endoplasms
  3 giant cockroaches
  5 goblins
  11 hobgoblins
  2 jackals (D:2)
  10 kobolds
  3 quokkas
  6 ball pythons
  3 bats
  3 frilled lizards (D:2)
  4 goblin zombies (Ossuary)
  7 hobgoblin zombies (Ossuary)
  2 jackal zombies (Ossuary)
  10 kobold zombies (Ossuary)
  9 orc zombies (Ossuary)
  7 rats
  A fire vortex (Lair:2)
322 creatures vanquished.

Vanquished Creatures (collateral kills)
  2 death yaks
  A cane toad (Lair:2)
  A komodo dragon (Lair:2)
  A polar bear (Lair:1)
  A wyvern (D:9)
  A vampire mosquito (D:9)
  An orc wizard (D:9)
  An orc (D:7)
9 creatures vanquished.

Grand Total: 331 creatures vanquished

Notes
Turn   | Place    | Note
-------+----------+-------------------------------------------
     0 | D:1      | Nattfarinn the Demonspawn Venom Mage began the quest for
                  | the Orb.
     0 | D:1      | Reached XP level 1. HP: 13/13 MP: 3/3
   101 | D:1      | Found Alaen's Vocational Training.
   233 | D:1      | Gained mutation: Your demonic aura sometimes causes spilled
                  | blood to erupt in flames. [demonic ancestry]
   233 | D:1      | Reached XP level 2. HP: 19/19 MP: 5/5
   744 | D:2      | Learned a level 2 spell: Poisonous Vapours
   805 | D:2      | Gained mutation: You have a pair of small horns on your
                  | head. [demonic ancestry]
   805 | D:2      | Reached XP level 3. HP: 18/24 MP: 2/6
  1477 | D:2      | Found a hazy altar of Hepliaklqana.
  1550 | D:3      | Reached XP level 4. HP: 30/30 MP: 8/8
  1739 | D:3      | Learned a level 4 spell: Olgreb's Toxic Radiance
  1907 | D:3      | Noticed Sigmund
  1948 | D:3      | Killed Sigmund
  1949 | D:3      | Reached skill level 5 in Poison Magic
  1949 | D:3      | Gained mutation: You have a pair of horns on your head.
                  | [demonic ancestry]
  1949 | D:3      | Reached XP level 5. HP: 26/35 MP: 1/10
  2259 | D:3      | Found a faded altar of an unknown god.
  2420 | D:4      | Gained mutation: You have a pair of large horns on your
                  | head. [demonic ancestry]
  2420 | D:4      | Reached XP level 6. HP: 17/41 MP: 4/11
  2514 | D:4      | Found a sand-covered staircase.
  2527 | Ossuary  | Entered an ossuary
  4100 | Ossuary  | Reached XP level 7. HP: 43/46 MP: 13/13
  4525 | D:4      | Identified the +1 dagger of Wondrous Power {chaos, Will+
                  | Int+4}
  4841 | D:4      | Learned a level 3 spell: Mephitic Cloud
  4878 | D:5      | Entered Level 5 of the Dungeon
  4885 | D:5      | Noticed a steam dragon
  5124 | D:4      | Reached skill level 1 in Fighting
  5377 | D:5      | Killed a steam dragon
  5378 | D:5      | Reached XP level 8. HP: 33/61 MP: 1/15
  5519 | D:5      | Reached skill level 5 in Fighting
  7259 | D:6      | Found a blossoming altar of Fedhas.
  7728 | D:6      | Learned a level 3 spell: Stone Arrow
  7746 | D:6      | Found Koppedu's Book Shoppe.
  7748 | D:6      | Found Fah Eso's General Store.
  7750 | D:6      | Found Omufreux's Antique Armour Shoppe.
  7750 | D:6      | Found Siyrchax's Weapon Shoppe.
  7822 | D:6      | Bought a potion of heal wounds for 60 gold pieces
  7822 | D:6      | Bought a scroll of blinking for 90 gold pieces
  7967 | D:6      | Gained mutation: A weak demonic guardian rushes to your
                  | aid. [demonic ancestry]
  7967 | D:6      | Reached XP level 9. HP: 75/75 MP: 6/16
  8114 | D:6      | You fall into a shaft and drop 3 floors!
  9076 | D:7      | Reached skill level 1 in Conjurations
  9208 | D:7      | Found a staircase to the Ecumenical Temple.
  9238 | D:7      | Reached skill level 1 in Earth Magic
  9253 | Temple   | Entered the Ecumenical Temple
  9367 | D:7      | Reached skill level 2 in Conjurations
  9550 | D:7      | Found a broken altar of Ashenzari.
  9555 | D:7      | Reached skill level 3 in Conjurations
  9561 | D:7      | Became a worshipper of Ashenzari the Shackled
 10004 | D:7      | Noticed Joseph
 10281 | D:7      | Killed Joseph
 10282 | D:7      | Reached skill level 4 in Conjurations
 10493 | D:7      | Reached skill level 5 in Conjurations
 10966 | D:8      | Gained mutation: A demonic guardian rushes to your aid.
                  | [demonic ancestry]
 10966 | D:8      | Reached XP level 10. HP: 84/84 MP: 10/17
 11177 | D:8      | Found a hide-covered altar of Uskayaw.
 11384 | D:8      | Noticed a two-headed ogre
 11427 | D:8      | Killed a two-headed ogre
 11428 | D:8      | Reached skill level 6 in Conjurations
 11912 | D:9      | Noticed a death yak
 12695 | D:9      | Noticed a cyclops
 12703 | D:9      | Killed a cyclops
 12704 | D:9      | Reached skill level 7 in Conjurations
 12751 | D:9      | Noticed a red ugly thing
 12916 | D:10     | Entered Level 10 of the Dungeon
 13061 | D:10     | Found a basalt altar of Yredelemnul.
 13063 | D:10     | Noticed a two-headed ogre
 13078 | D:10     | Killed a two-headed ogre
 13079 | D:10     | Reached skill level 8 in Conjurations
 13079 | D:10     | Reached skill level 5 in Earth Magic
 13478 | D:9      | Found a staircase to the Lair.
 13478 | D:9      | Noticed a death yak
 13519 | D:8      | Killed a death yak
 13520 | D:8      | Reached skill level 9 in Conjurations
 13715 | D:9      | Found an ornate altar of the Wu Jian Council.
 13726 | D:9      | Noticed a death yak
 13749 | D:9      | Killed a death yak
 13750 | D:9      | Reached XP level 11. HP: 62/90 MP: 4/18
 13759 | D:9      | Killed a death yak
 13961 | D:9      | Killed a red ugly thing
 14091 | D:9      | Reached skill level 10 in Conjurations
 14380 | D:9      | Noticed a two-headed ogre
 14381 | D:9      | Identified the ring "Liem" {rF+ rN++ Stlth-}
 14410 | D:9      | Killed a two-headed ogre
 14507 | D:9      | Noticed a centaur warrior
 14519 | D:9      | Identified the amulet "Gerphan" {RegenMP rElec rCorr Str+4
                  | Dex-2}
 14520 | D:9      | Killed a centaur warrior
 14558 | D:9      | Noticed a centaur warrior
 14562 | D:9      | Killed a centaur warrior
 14563 | D:9      | Reached skill level 11 in Conjurations
 14758 | D:9      | Identified the +1 leather armour of Failure {rElec Str+6
                  | Slay+3}
 14782 | D:9      | Noticed a two-headed ogre
 14790 | D:9      | Killed a two-headed ogre
 16466 | D:6      | Bought a +5 orcbow for 366 gold pieces
 16567 | Lair:1   | Entered Level 1 of the Lair of Beasts
 16725 | Lair:1   | Reached skill level 1 in Ranged Weapons
 16760 | Lair:1   | Found a gate leading to a gauntlet.
 16768 | Gauntlet | Entered a Gauntlet
 16768 | Gauntlet | Found a runed translucent door.
 16768 | Gauntlet | Found a transporter.
 16768 | Gauntlet | Found a runed translucent door.
 16768 | Gauntlet | Found a runed translucent door.
 16768 | Gauntlet | Found a transporter.
 16817 | Gauntlet | Found a transporter.
 16819 | Gauntlet | Found a transporter.
 16819 | Gauntlet | Found a transporter.
 16822 | Gauntlet | Found a transporter.
 16854 | Gauntlet | Found a transporter.
 16855 | Gauntlet | Noticed a soul eater
 16856 | Gauntlet | Found a transporter.
 16857 | Gauntlet | Found a transporter.
 16868 | Gauntlet | Found a transporter.
 16884 | Gauntlet | Found a transporter.
 16891 | Gauntlet | Noticed a sixfirhy
 16891 | Gauntlet | Noticed a sixfirhy
 16894 | Gauntlet | Found a transporter.
 16894 | Gauntlet | Noticed a sixfirhy
 16895 | Gauntlet | Noticed a sixfirhy
 16898 | Gauntlet | Found a transporter.
 16931 | Gauntlet | Found a transporter.
 16939 | Gauntlet | Found a runed translucent door.
 17584 | Lair:1   | Reached XP level 12. HP: 88/97 MP: 7/19
 18073 | Lair:1   | Reached skill level 5 in Ranged Weapons
 18738 | D:6      | Bought a pair of embroidered gloves for 210 gold pieces
 19035 | Lair:2   | Found a staircase to the Shoals.
 19423 | Lair:2   | Noticed a fire dragon
 19433 | Lair:2   | Killed a fire dragon
 19821 | Lair:2   | Reached * piety under Ashenzari
 20819 | Lair:3   | Found a staircase to the Snake Pit.
 21482 | Lair:4   | Noticed Snorg
 21496 | Lair:3   | Killed Snorg
 21497 | Lair:3   | Reached skill level 10 in Ranged Weapons
 21604 | Lair:4   | HP: 1/97 [skyshark (8)]
 21604 | Lair:4   | Mangled by a skyshark

Illustrated notes

Levels and vault maps discovered:
D:1:      lemuel_arrival_cross, layout_rooms, minmay_misc_feat_square,
          minmay_strange_pillars, nicolae_shop_vocational
D:2:      layout_loops_ring, basic_altar
D:3:      layout_rooms, shapermc_ecumenical_altar_rom_forum, kennysheep_path_1,
          uniq_sigmund
D:4:      layout_rooms, enter_ossuary_1, hangedman_abyss_or_decor_passed
D:5:      nicolae_cairo_tiling, layout_layer_cave,
          hangedman_abyss_or_decor_lesser_grid, corexii_checkpoint_b
D:6:      layout_gridville, amcnicky_altar_gilded, minmay_shop_grid_forest
D:7:      layout_layer_cave, evilmike_ruin_ashenzari,
          minmay_temple_entry_enclosed_plants, uniq_joseph
D:8:      layout_loops_ring, mainiacjoe_overflow_alcove_2,
          dreamdust_princess_corridor, serial_park_tiny_1
D:9:      minmay_the_grid_octo_tiled_squarecenter [minmay_the_grid_octo_77,
          minmay_the_grid_octo_checkered, minmay_the_grid_octo_checkerflower,
          minmay_the_grid_octo_clover,
          minmay_the_grid_square_5x5_megaprize_crossed,
          minmay_the_grid_square_5x5_hourglass,
          minmay_the_grid_square_5x5_forky, minmay_the_grid_square_5x5_longway,
          minmay_the_grid_square_5x5_spiral], layout_rooms,
          general_overflow_altar, dpeg_lair_monsters, interstate_on_off
D:10:     layout_rooms, mainiacjoe_overflow_tiny_flanked, orc_0_dummy,
          serial_shops, nicolae_inconvenience_store
Temple:   sentei_temple_godly_chess
Lair:1:   layout_roguey, gauntlet_entry_generic, grunt_megastairs_2
Lair:2:   dragon1_lemuel, layout_chaotic_city, elwin_shoals_entry_rocks
Lair:3:   layout_cave_pods, minmay_snake_entry_six_corridors,
          nicolae_quartered_pool_impasse
Lair:4:   layout_gridlike, nicolae_slime_entry_slimehenge, forest_entry_grove,
          uniq_snorg

Skill      XL: |  1  2  3  4  5  6  7  8  9 10 11 12 |
---------------+-------------------------------------+-----
Poison Magic   | 4 5 6 7 |  7.3
Spellcasting   | 3 4 |  4.7
Fighting       | 4 8 9 |  9.7
Conjurations   | 5 9 11 | 11.8
Earth Magic    | 3 6 7 |  7.7
Ranged Weapons | 3 10 | 10.0
Dodging        | |  1.7
Stealth        | |  1.7
Transmutations | |  0.8

Action                     |  1- 3 |  4- 6 |  7- 9 | 10-12 || total
---------------------------+-------+-------+-------+-------++-------
  Melee: Dagger            |       |       |   143 |   114 ||   257
         Headbutt          |       |       |    26 |    26 ||    52
         Punch             |       |       |     1 |     3 ||     4
         Orcbow            |       |       |       |     2 ||     2
   Fire: Sling             |    79 |   291 |    32 |       ||   402
         Orcbow            |       |       |       |   156 ||   156
   Cast: Sting             |    41 |    32 |    16 |       ||    89
         Poisonous Vapours |       |     5 |    75 |    56 ||   136
         Olgreb's Toxic Ra |       |       |    31 |    41 ||    72
         Stone Arrow       |       |       |    11 |    64 ||    75
         Mephitic Cloud    |       |       |     3 |    19 ||    22
 Invoke: Curse Item        |       |       |       |     3 ||     3
         Shatter the Chain |       |       |       |     1 ||     1
  Evoke: Wand              |       |       |       |     1 ||     1
    Use: Potion            |       |     3 |       |     7 ||    10
         Scroll            |       |     1 |     9 |     9 ||    19
   Stab: Distracted        |       |       |       |     1 ||     1
         Confused          |       |       |       |     1 ||     1
 Armour: Robe              |     9 |    23 |    16 |    15 ||    63
         Troll leather arm |       |       |       |    19 ||    19
         Leather armour    |       |       |       |    29 ||    29
  Dodge: Dodged            |    34 |    99 |    94 |   168 ||   395

Table legend: (Time is in decaauts)
 A = Elapsed time spent in this place.
 B = Non-inter-level travel time spent in this place.
 C = Inter-level travel time spent in this place.
 D = Time resting spent in this place.
 E = Time spent auto-exploring this place.
 F = Levels seen in this place.
 G = Mean time per level.
                   A        B        C        D        E       F      G
               +--------+--------+--------+--------+--------+-----+--------+
         Total |  21794 |  19955 |   1839 |   3882 |  11896 |  17 | 1282.0 |
       Dungeon |  15037 |  13396 |   1641 |   2501 |   8903 |  10 | 1503.7 |
        Temple |     15 |      0 |     15 |      0 |      0 |   1 |   15.0 |
          Lair |   4377 |   4194 |    183 |   1078 |   2667 |   4 | 1094.2 |
       Ossuary |   1863 |   1863 |      0 |    303 |    154 |   1 | 1863.0 |
      Gauntlet |    499 |    499 |      0 |      0 |    172 |   1 |  499.0 |
               +--------+--------+--------+--------+--------+-----+--------+

Top non-repeatable levels by time:
     D:9: 3527 daAuts
     D:6: 2136 daAuts
     D:5: 1870 daAuts
 Ossuary: 1863 daAuts
  Lair:3: 1740 daAuts
     D:7: 1706 daAuts
     D:8: 1703 daAuts
  Lair:1: 1484 daAuts
  Lair:2: 1140 daAuts
     D:4: 1079 daAuts
     D:3: 937 daAuts
     D:2: 875 daAuts
     D:1: 703 daAuts
Gauntlet: 499 daAuts
    D:10: 496 daAuts
